 Dungeon Crawl Stone Soup version 0.29.1-12-g30fa7ad0bf (webtiles) character file.

Game seed: 8165066296280662188

6 Radix the Stinger (level 1, -2/15 HPs)
             Began as a Naga Venom Mage on Dec 29, 2022.
             Frozen to death by an endoplasm (4 damage)
             ... on level 1 of the Dungeon.
             The game lasted 00:01:26 (192 turns).

Radix the Stinger (Naga Venom Mage)                  Turns: 192, Time: 00:01:26

Health: -2/15      AC:  1    Str: 10    XL:     1   Next: 90%
Magic:  2/3        EV:  9    Int: 15    God:
Gold:   17         SH:  0    Dex: 11    Spells: 3/4 levels left

rFire   . . .      SeeInvis +   c - +0 short sword
rCold   . . .      Faith    .   (no shield)
rNeg    . . .      Spirit   .   d - +0 leather armour
rPois   +          Reflect  .   (no helmet)
rElec   .          Harm     .   (no cloak)
rCorr   .          Rampage  .   (no gloves)
Will    .....                   (no barding)
Stlth   ++........              (no amulet)
HPRegen 0.05/turn               (no ring)
MPRegen 0.08/turn               (no ring)

@: very slow
A: AC +0, large, see invisible, deformed body, poison resistance, slowness 2,
spit poison 1, naga tail 1
a: Spit Poison


You were on level 1 of the Dungeon.
You visited 1 branch of the dungeon, and saw 1 of its levels.

You collected 17 gold pieces.

Inventory:

Hand Weapons
 c - a +0 short sword (weapon)
Armour
 a - a +0 robe
 d - a +0 leather armour (worn)
Potions
 b - a potion of magic


   Skills:
 - Level 1.5 Dodging
 - Level 3.0 Stealth
 + Level 2.2 Spellcasting
 - Level 1.0 Transmutations
 + Level 4.3 Poison Magic


You had 3 spell levels left.
You knew the following spells:

 Your Spells              Type           Power      Damage    Failure   Level
a - Sting                 Tmut/Pois      36%        1d4       10%         1

Your spell library contained the following spells:

 Spells                   Type           Power      Damage    Failure   Level
 Poisonous Vapours        Pois/Air       16%        N/A       19%         2
 Mephitic Cloud           Conj/Pois/Air  6%         N/A       43%         3
 Olgreb's Toxic Radiance  Pois           14%        N/A       45%         4


Dungeon Overview and Level Annotations

Branches:
Dungeon (1/15)

Altars:


Innate Abilities, Weirdness & Mutations

Your serpentine skin is tough. (AC +0)
You have supernaturally acute eyesight. (SInv)
Armour fits poorly on your strangely shaped body.
Your system is resistant to poisons. (rPois)
You cover ground very slowly.
You can spit poison.
You have a snake-like lower body.


Message History

Aiming: Sting (safe; 11% risk of failure)
Press: ? - help, Q - select action, (/) - cycle Shift-Dir - straight line, f - dart slug
Aim: a dart slug (asleep, 100% to hit)
The sting hits the dart slug.
The dart slug is poisoned.
The dart slug is lightly wounded.
The dart slug closely misses you.
You hit the dart slug but do no damage.
The dart slug is heavily wounded.
You hit the dart slug.
You kill the dart slug!
A goblin comes into view. It is wielding a +0 club.
You see here 17 gold pieces.
You now have 17 gold pieces.
The goblin shouts!
An endoplasm comes into view.
A rat comes into view.
You closely miss the goblin. The goblin hits you but does no damage.
You hit the goblin.
The goblin is moderately wounded.
The goblin hits you with a +0 club.
You barely miss the goblin.
The goblin is moderately wounded.
The rat bites you. The goblin hits you with a +0 club.
The endoplasm freezes you.
You are frozen.
* * * LOW HITPOINT WARNING * * *
The rat closely misses you. The endoplasm freezes you.
You are frozen.
* * * LOW HITPOINT WARNING * * *
The goblin closely misses you.
Aiming: Sting (safe; 10% risk of failure)
Press: ? - help, Q - select action, (/) - cycle Shift-Dir - straight line, f - goblin
Aim: a goblin, wielding a +0 club (moderately wounded, 60% to hit)
The sting misses the goblin.
The goblin closely misses you. The rat barely misses you.
The endoplasm hits you but does no damage.
The goblin attacks as you move away! The goblin misses you.
The endoplasm freezes you.
You are frozen.
You die...

.....# .....
.... #...
#..####
#....[#
#####J##.# #
#....g@..##.#
#.##r.......#
## #.##..####
. ... #..#
#.#####..#
#.#......#
#.......##
###...###
#...#


You could see an endoplasm, a goblin and a rat.

Vanquished Creatures
  A dart slug (D:1)
  2 kobolds (D:1)
  A ball python (D:1)
  A bat (D:1)
5 creatures vanquished.

Notes
Turn   | Place    | Note
-------+----------+-------------------------------------------
     0 | D:1      | Radix the Naga Venom Mage began the quest for the Orb.
     0 | D:1      | Reached XP level 1. HP: 15/15 MP: 3/3
   192 | D:1      | Frozen to death by an endoplasm

Illustrated notes

Levels and vault maps discovered:
D:1:      scummos_arrival_checkerplants, layout_loops_cross,
          nicolae_figureground_sparkle

Action                   || total
-------------------------++-------
Melee: Short sword       ||     5
       Unarmed           ||     5
 Cast: Sting             ||     7
Armor: Leather armour    ||     2
Dodge: Dodged            ||    10
